 Dungeon Crawl Stone Soup version 0.29.1-13-g9f3cf754e1 (webtiles) character file.

Game seed: 18292527670325085268

110 Thatpatchoflichen the Ducker (level 5, -4/42 HPs)
             Began as a Human Monk on Feb 4, 2023.
             Slain by an iguana (10 damage)
             ... on level 4 of the Dungeon.
             The game lasted 00:04:10 (2595 turns).

Thatpatchoflichen the Ducker (Human Monk)           Turns: 2595, Time: 00:04:10

Health: -4/42      AC:  4    Str: 11    XL:     5   Next: 14%
Magic:  5/5        EV: 13    Int: 11    God:
Gold:   160        SH:  0    Dex: 17    Spells: 4/4 levels left

rFire   . . .      SeeInvis .   a - +0 falchion
rCold   . . .      Faith    .   (no shield)
rNeg    . . .      Spirit   .   t - +0 leather armour
rPois   .          Reflect  .   k - +0 helmet
rElec   .          Harm     .   (no cloak)
rCorr   .          Rampage  .   (no gloves)
Will    .....                   (no boots)
Stlth   ++........              o - amulet of regeneration
HPRegen 0.94/turn               (no ring)
MPRegen 0.09/turn               (no ring)

@: studying Polearms
A: no striking features
a: no special abilities


You were on level 4 of the Dungeon.
You visited 1 branch of the dungeon, and saw 4 of its levels.

You collected 160 gold pieces.

Inventory:

Hand Weapons
 a - a +0 falchion (weapon)
Missiles
 j - 6 poisoned darts (quivered)
 s - 6 javelins
Armour
 k - a +0 helmet (worn)
 t - a +0 leather armour (worn)
Jewellery
 o - an amulet of regeneration (around neck)
Scrolls
 d - a scroll of vulnerability {unknown}
 e - a scroll of enchant weapon {unknown}
 f - 2 scrolls of noise {unknown}
 h - 2 scrolls of identify {unknown}
 i - a scroll of amnesia {unknown}
 l - a scroll of blinking {unknown}
 m - a scroll of silence {unknown}
 n - 2 scrolls of teleportation {unknown}
 r - a scroll of butterflies {unknown}
 v - a scroll of brand weapon {unknown}
Potions
 b - a potion of lignification {unknown}
 c - a potion of ambrosia
 g - a potion of curing {unknown}
 p - 2 potions of brilliance {unknown}
 q - a potion of magic {unknown}
 u - 3 potions of degeneration {unknown}


   Skills:
 + Level 3.9 Fighting
 + Level 4.0 Long Blades
 + Level 4.0 Dodging
 - Level 2.0 Stealth


You had 4 spell levels left.
You didn't know any spells.
Your spell library was empty.

Dungeon Overview and Level Annotations

Branches:
Dungeon (4/15)
 Temple: D:4-7

Altars:
Qazlal


Message History

You kill the giant cockroach!
Your Long Blades skill increases to level 4!
A kobold and an iguana come into view.
There are monsters nearby!
Found a bubbling emerald potion and a red potion.
The kobold shouts!
The iguana hisses angrily.
The kobold hits you but does no damage.
You barely miss the kobold. The kobold misses you.
You hit the kobold but do no damage. The kobold barely misses you.
You hit the kobold.
The kobold is moderately wounded.
The kobold closely misses you. The kobold hits you with a +0 dagger.
You closely miss the kobold.
The kobold is moderately wounded.
The kobold closely misses you.
You hit the kobold.
You kill the kobold!
You hit the iguana.
The iguana is lightly wounded.
The iguana bites you!
You hit the iguana.
The iguana is lightly wounded.
The iguana bites you!
You hit the iguana but do no damage.
The iguana is lightly wounded.
The iguana bites you!
* * * LOW HITPOINT WARNING * * *
You hit the iguana but do no damage.
The iguana is lightly wounded.
The iguana bites you.
* * * LOW HITPOINT WARNING * * *
You hit the iguana.
The iguana is moderately wounded.
The iguana bites you.
* * * LOW HITPOINT WARNING * * *
You completely miss the iguana.
The iguana is moderately wounded.
The iguana bites you!
You die...

#. .....##.# #..#
#>...##.## ##
##...####.....#
###.
.###....#####.# ##
!..#..!####.......#
..
#...###....#######
.. #.##...#### #.
#l#..### #.#@#.##
#.....# ##...##
#.).# #...# ##.##
#.# #.# #.#


You could see an iguana.

Vanquished Creatures
  An orc priest (D:3)
  3 adders
  3 orcs (D:3)
  5 bats
  7 endoplasms
  A giant cockroach (D:4)
  4 goblins
  4 hobgoblins
  2 quokkas (D:1)
  5 ball pythons
  4 frilled lizards
  7 kobolds
  5 rats
51 creatures vanquished.

Notes
Turn   | Place    | Note
-------+----------+-------------------------------------------
     0 | D:1      | Thatpatchoflichen the Human Monk began the quest for the
                  | Orb.
     0 | D:1      | Reached XP level 1. HP: 18/18 MP: 1/1
   234 | D:1      | Reached XP level 2. HP: 21/24 MP: 2/2
   718 | D:1      | Found a faded altar of an unknown god.
   811 | D:1      | Reached XP level 3. HP: 29/29 MP: 3/3
  1827 | D:3      | Reached XP level 4. HP: 29/36 MP: 4/4
  2078 | D:3      | Reached XP level 5. HP: 30/42 MP: 5/5
  2322 | D:4      | Found a stormy altar of Qazlal.
  2595 | D:4      | Slain by an iguana

Illustrated notes

Levels and vault maps discovered:
D:1:      reono_arrival_mine, layout_basic, basic_ecumenical_altar
D:2:      layout_basic
D:3:      layout_loops_corners, uniq_natasha
D:4:      minmay_general_purpose_star, layout_basic, grunt_qazlal_sundering,
          hangedman_minor_gate_pass, uniq_sigmund

Skill      XL: |  1  2  3  4  5 |
---------------+----------------+-----
Dodging        | 4 |  4.0
Long Blades    | 4 |  4.0
Fighting       | |  3.9
Stealth        | |  2.0

Action                   |  1- 3 |  4- 6 || total
-------------------------+-------+-------++-------
Melee: Falchion          |   120 |    58 ||   178
       Punch             |     3 |     2 ||     5
 Stab: Sleeping          |     1 |     1 ||     2
Armor: Robe              |    36 |     9 ||    45
       Leather armour    |       |     2 ||     2
Dodge: Dodged            |   109 |    38 ||   147
